 Dungeon Crawl Stone Soup version 0.27-a0-1084-g78b3836a5f (webtiles) character file.

Game seed: 9771157472324068599

4011 1player the Destroyer (level 9, -1/75 HPs)
             Began as a Demigod Conjurer on Apr 26, 2021.
             Slain by a four-headed hydra (7 damage)
             ... on level 8 of the Dungeon.
             The game lasted 00:23:20 (10995 turns).

1player the Destroyer (Demigod Conjurer)           Turns: 10995, Time: 00:23:21

Health: -1/75      AC:  4    Str: 12    XL:     9   Next: 74%
Magic:  6/18       EV: 14    Int: 28    God:
Gold:   281        SH:  5    Dex: 12    Spells: 6/16 levels left

rFire    . . .     SeeInvis .   a - +2 rapier (speed)
rCold    . . .     Faith    .   f - +0 buckler
rNeg     . . .     Spirit   .   w - +0 robe
rPois    .         Reflect  .   (no helmet)
rElec    .         Harm     .   r - +0 cloak {rCorr}
rCorr    +         Rampage  .   (no gloves)
Will     .....                  x - +0 pair of boots
Stlth    ++........             (no amulet)
HPRegen  0.22/turn              (no ring)
MPRegen  0.16/turn              (no ring)

@: no status effects
A: high mp 1, forlorn
a: no special abilities


You were on level 8 of the Dungeon.
You visited 1 branch of the dungeon, and saw 8 of its levels.

You collected 423 gold pieces.
You spent 142 gold pieces at shops.

Inventory:

Hand Weapons
 a - a +2 rapier of speed (weapon)
 k - a +2 dagger of venom
 y - a +0 lajatang
Armour
 f - a +0 buckler (worn)
 r - a +0 cloak of preservation (worn)
 w - a +0 robe (worn)
 x - a +0 pair of boots (worn)
Magical Staves
 H - a staff of air
Jewellery
 t - a ring of willpower
Wands
 u - a wand of flame (9)
 G - a wand of charming (8)
Scrolls
 c - 2 scrolls of teleportation
 d - a scroll of vulnerability
 g - a scroll of holy word
 l - a scroll of fog
 p - a scroll of immolation
 A - a scroll of amnesia {unknown}
 B - a scroll of magic mapping
 C - a scroll of blinking
 E - a scroll of identify {@r1}
 F - a scroll of brand weapon {unknown}
Potions
 i - 5 potions of lignification
 j - a potion of resistance {unknown}
 m - 3 potions of curing {@q1}
 n - a potion of ambrosia
 o - 2 potions of haste
 s - 2 potions of magic
 v - 3 potions of berserk rage
 D - a potion of flight {unknown}


   Skills:
 + Level 6.2 Fighting
 + Level 6.2 Dodging
 - Level 1.7 Stealth
 - Level 4.0 Shields
 - Level 4.0 Spellcasting
 - Level 8.0 Conjurations
 - Level 4.0 Hexes


You had 6 spell levels left.
You knew the following spells:

 Your Spells              Type           Power      Damage    Failure   Level
a - Dazzling Flash        Conj/Hex       78%        N/A       1%          3
q - Magic Dart            Conj           100%       1d8       1%          1
x - Fulminant Prism       Conj/Hex       19%        3d11      6%          4
z - Searing Ray           Conj           100%       3d7       1%          2

Your spell library contained the following spells:

 Spells                   Type           Power      Damage    Failure   Level
 Corona                   Hex            31%        N/A       1%          1
 Slow                     Hex            28%        N/A       2%          2
 Ensorcelled Hibernation  Hex/Ice        32%        N/A       4%          2
 Confusing Touch          Hex            28%        N/A       4%          3
 Conjure Flame            Conj/Fire      28%        6-21      4%          3
 Tukima's Dance           Hex            28%        N/A       4%          3
 Beastly Appendage        Tmut           10%        N/A       8%          1
 Mephitic Cloud           Conj/Pois/Air  20%        N/A       8%          3
 Blink                    Tloc           N/A        N/A       11%         2
 Call Imp                 Summ           5%         N/A       11%         2
 Wereblood                Tmut           5%         N/A       11%         2
 Cause Fear               Hex            14%        N/A       14%         4
 Iskenderun's Mystic Bla  Conj/Tloc      28%        2d7       14%         4
 Spider Form              Tmut/Pois      2%         N/A       22%         3
 Ice Form                 Ice/Tmut       5%         N/A       58%         4
 Silence                  Hex/Air        8%         N/A       65%         5
 Yara's Violent Unravell  Hex/Tmut       8%         3d5       65%         5
 Hydra Form               Tmut           2%         N/A       90%         5
 Discord                  Hex            14%        N/A       100%        8


Dungeon Overview and Level Annotations

Branches:
Dungeon (8/15)             Temple (0/1) D:4
   Lair: D:8-11

Shops:
D:7 ?

Annotations:
D:3 2 runed translucent doors, wakim's ghost, amateur HOFi
D:7 Dowan


Innate Abilities, Weirdness & Mutations

Your attributes grow dramatically as you level up.
You have an increased reservoir of magic. (+10% MP)
You shall have no god before yourself.


Message History

The four-headed hydra barely misses you.
You block the four-headed hydra's attack.
The searing ray misses the four-headed hydra.
The searing ray hits the four-headed hydra!
The four-headed hydra is moderately wounded.
The searing ray hits the four-headed hydra!
The four-headed hydra is heavily wounded.
You finish channeling your searing ray.
The four-headed hydra is no longer blind.
Casting: Searing Ray (safe; 1% risk of failure)
Confirm with . or Enter, or press ? or * to list all spells.
Aiming: Searing Ray (safe; 1% risk of failure)
Press: ? - help, Shift-Dir - straight line, f/p - four-headed hydra
Aim: a four-headed hydra (heavily wounded, 94% to hit)
The searing ray hits the four-headed hydra!
The four-headed hydra is severely wounded. (Press . to maintain the ray.)
The four-headed hydra bites you. x3; The four-headed hydra bites you!
The searing ray hits the four-headed hydra!
The four-headed hydra is severely wounded.
You block the four-headed hydra's attack. x2
The four-headed hydra bites you! The four-headed hydra misses you.
The searing ray hits the four-headed hydra!
The four-headed hydra is almost dead.
You block the four-headed hydra's attack.
The four-headed hydra barely misses you. x2
The four-headed hydra bites you!
The searing ray hits the four-headed hydra!
The four-headed hydra is almost dead.
You finish channeling your searing ray.
You block the four-headed hydra's attack.
The four-headed hydra bites you!
* * * LOW HITPOINT WARNING * * *
The four-headed hydra bites you but does no damage.
The four-headed hydra closely misses you.
You feel better. The four-headed hydra bites you!
* * * LOW HITPOINT WARNING * * *
The four-headed hydra barely misses you.
The four-headed hydra bites you!
You die...

#..##.# #.#######
#...... #..##.######.#
#.#.###
#........<...#####
#.>##.....[[.....#
#..###)#####<###.###
#..###.#####.##.....
#...).)).........###
...........D............
#.##
###.###.####@..........#
#... #. #:#
##.###..###..# ###.
#.###.#.##..# #..# #.
#.##.###.#..# #..# #.
#.<.## ##...# #..# #.
####.###.#.####..# #.
#..#.##....#..# #.
#.............# #.
##...#####.##.#


You could see a four-headed hydra.

Vanquished Creatures
  A two-headed ogre (D:8)
  Grinder (D:3)
  Sigmund (D:6)
  Eustachio (D:6)
  A steam dragon (D:6)
  Duvessa (D:7)
  A water moccasin (D:5)
  An ice beast (D:5)
  An orc warrior (D:8)
  2 necrophages
  3 ogres
  4 centaurs
  A phantom (D:4)
  A bullfrog (D:6)
  4 scorpions
  2 wyvern skeletons (D:7)
  8 wights
  2 howler monkeys (D:7)
  A centaur zombie (D:7)
  2 jellies
  Crazy Yiuf (D:4)
  2 bullfrog skeletons
  A centaur skeleton (D:4)
  3 hounds (D:4)
  Natasha (thrice) (D:4)
  An iguana (D:5)
  5 orc wizards
  3 killer bee zombies
  A hound skeleton (D:4)
  A howler monkey zombie (D:6)
  5 adders
  2 white imps
  2 adder skeletons (D:4)
  2 worms
  2 dart slugs
  26 orcs
  5 ball pythons
  3 bats
  4 endoplasms
  2 giant cockroaches
  7 hobgoblins
  3 jackals (D:2)
  3 quokkas
  2 frilled lizards
  7 goblins
  13 kobolds
  5 rats
153 creatures vanquished.

Vanquished Creatures (others)
  4 fulminant prisms (D:7)
4 creatures vanquished.

Grand Total: 157 creatures vanquished

Notes
Turn   | Place    | Note
-------+----------+-------------------------------------------
     0 | D:1      | 1player the Demigod Conjurer began the quest for the Orb.
     0 | D:1      | Reached XP level 1. HP: 14/14 MP: 5/5
   389 | D:1      | Reached XP level 2. HP: 9/22 MP: 0/7
   710 | D:1      | Learned a level 2 spell: Searing Ray
  1200 | D:1      | Reached skill level 1 in Shields
  1343 | D:2      | Reached XP level 3. HP: 27/27 MP: 3/8
  2507 | D:2      | Reached XP level 4. HP: 34/34 MP: 5/9
  2986 | D:3      | Found a runed translucent door.
  2994 | D:3      | Noticed wakim's ghost (amateur HOFi)
  3078 | D:3      | Noticed Grinder
  3120 | D:3      | Killed Grinder
  3121 | D:3      | Reached skill level 1 in Fighting
  3121 | D:3      | Reached skill level 4 in Conjurations
  3121 | D:3      | Reached skill level 1 in Hexes
  3121 | D:3      | Reached XP level 5. HP: 21/40 MP: 0/10
  3404 | D:3      | Found a runed translucent door.
  4169 | D:4      | Noticed Natasha
  4178 | D:4      | Killed Natasha
  4179 | D:4      | Reached XP level 6. HP: 48/48 MP: 5/11
  4287 | D:4      | Found a staircase to the Ecumenical Temple.
  4861 | D:4      | Noticed Natasha
  4865 | D:4      | Killed Natasha
  4866 | D:4      | Reached skill level 5 in Conjurations
  4909 | D:4      | Found a runed translucent door.
  4910 | D:4      | Noticed Crazy Yiuf
  4916 | D:4      | Killed Crazy Yiuf
  4917 | D:4      | Reached XP level 7. HP: 28/57 MP: 0/12
  5920 | D:4      | Noticed Natasha
  5928 | D:4      | Killed Natasha
  6022 | D:5      | Entered Level 5 of the Dungeon
  6111 | D:5      | Learned a level 3 spell: Dazzling Flash
  6164 | D:5      | Reached skill level 6 in Conjurations
  6339 | D:5      | Reached XP level 8. HP: 66/66 MP: 4/13
  7229 | D:6      | Learned a level 4 spell: Fulminant Prism
  7255 | D:6      | Reached skill level 7 in Conjurations
  7510 | D:6      | Noticed Eustachio
  7510 | D:6      | Noticed Sigmund
  7596 | D:6      | Killed Eustachio
  7597 | D:6      | Reached skill level 5 in Fighting
  7718 | D:6      | Killed Sigmund
  8079 | D:6      | Reached skill level 8 in Conjurations
  8856 | D:6      | Reached XP level 9. HP: 75/75 MP: 10/14
  9128 | D:7      | Noticed Duvessa
  9129 | D:7      | Noticed Dowan
  9814 | D:7      | Killed Duvessa
 10144 | D:7      | Found Miel's Magic Scroll Shop.
 10151 | D:7      | Bought a scroll of magic mapping for 45 gold pieces
 10151 | D:7      | Bought a scroll of blinking for 97 gold pieces
 10484 | D:8      | Noticed a four-headed hydra
 10621 | D:8      | Noticed a two-headed ogre
 10630 | D:8      | Killed a two-headed ogre
 10995 | D:8      | Slain by a four-headed hydra

Illustrated notes

Levels and vault maps discovered:
D:1:      scummos_arrival_forest, layout_loops_cross,
          shapermc_ecumenical_altar_venn, minmay_quantized
D:2:      layout_basic, basic_altar, guppyfry_early_orc_mine
D:3:      layout_basic, marbit_many_paths, ebering_ghost_sewer_f, uniq_grinder
D:4:      layout_loops_ring, general_overflow_altar,
          minmay_temple_entry_large_hall, uniq_crazy_yiuf_cottage, uniq_natasha
D:5:      layout_basic, kennysheep_little_box
D:6:      layout_basic, uniq_eustachio, uniq_sigmund
D:7:      layout_basic, serial_shops, kennysheep_mini_moat, uniq_duvessa
D:8:      layout_loops_ring

Skill      XL: |  1  2  3  4  5  6  7  8  9 |
---------------+----------------------------+-----
Shields        | 1 2 4 |  4.0
Fighting       | 1 3 4 6 |  6.2
Conjurations   | 4 5 6 8 |  8.0
Hexes          | 1 3 4 |  4.0
Dodging        | 2 6 |  6.2
Spellcasting   | 4 |  4.0
Stealth        | |  1.7

Action                   |  1- 3 |  4- 6 |  7- 9 || total
-------------------------+-------+-------+-------++-------
Melee: Dagger            |    27 |    13 |    16 ||    56
       Rapier            |       |       |    24 ||    24
 Cast: Magic Dart        |    65 |    23 |    61 ||   149
       Searing Ray       |    14 |    17 |    56 ||    87
       Dazzling Flash    |       |       |    10 ||    10
       Fulminant Prism   |       |       |     4 ||     4
  Use: Scroll            |       |       |    12 ||    12
       Potion            |       |       |     1 ||     1
 Stab: Distracted        |       |     1 |       ||     1
       Invisible         |       |       |     1 ||     1
Armor: Robe              |     7 |       |    22 ||    29
Dodge: Dodged            |    21 |    12 |    89 ||   122
Block: Buckler           |     4 |     4 |    47 ||    55

Table legend: (Time is in decaauts)
 A = Elapsed time spent in this place.
 B = Non-inter-level travel time spent in this place.
 C = Inter-level travel time spent in this place.
 D = Time resting spent in this place.
 E = Time spent auto-exploring this place.
 F = Levels seen in this place.
 G = Mean time per level.
                   A        B        C        D        E       F      G
               +--------+--------+--------+--------+--------+-----+--------+
         Total |  10996 |  10699 |    297 |   4381 |   4685 |   8 | 1374.5 |
       Dungeon |  10996 |  10699 |    297 |   4381 |   4685 |   8 | 1374.5 |
               +--------+--------+--------+--------+--------+-----+--------+

Top non-repeatable levels by time:
     D:6: 2471 daAuts
     D:4: 1963 daAuts
     D:2: 1531 daAuts
     D:1: 1288 daAuts
     D:3: 1236 daAuts
     D:5: 1200 daAuts
     D:7: 658 daAuts
     D:8: 644 daAuts
